 Dungeon Sprint DCSS version 0.29-a0-676-ga64570c9d2 (webtiles) character file.

Game seed: 7113988871658158704

1390 mhtbhm the Covert (level 8, -4/39 HPs)
             Began as a Spriggan Enchanter on June 25, 2022.
             Was a Follower of Dithmenos.
             Slain by a white ugly thing (14 damage)
             ... in the Dungeon (Sprint IX: "|||||||||||||||||||||||||||||").
             The game lasted 00:02:44 (1000 turns).

mhtbhm the Covert (Spriggan Enchanter)              Turns: 1000, Time: 00:02:44

Health: -4/39      AC:  4    Str:  4    XL:     8   Next: 40%
Magic:  20/23      EV: 23    Int: 17    God:    Dithmenos [*.....]
Gold:   0          SH:  0    Dex: 20    Spells: 16/27 levels left

rFire   . . .      SeeInvis +   a - +2 rapier (distort)
rCold   . . .      Faith    .   (no shield)
rNeg    . . .      Spirit   .   b - +0 robe
rPois   .          Reflect  .   (helmet restricted)
rElec   .          Harm     .   (no cloak)
rCorr   .          Rampage  .   (gloves unavailable)
Will    +....      NoTele   +   (boots unavailable)
Stlth   +++++++...              (no amulet)
HPRegen 0.13/turn               k - +2 ring of protection
MPRegen 0.18/turn               l - +3 ring of dexterity

@: confusing by touch, wreathed by umbra, very quick
A: very small, no large weapons, unfitting armour, see invisible, speed 3
a: Renounce Religion


You were in the Dungeon.
You worshipped Dithmenos.
Dithmenos was aware of your devotion.
You visited 1 branch

Inventory:

Hand Weapons
 a - a +2 rapier of distortion (weapon)
Armour
 b - a +0 robe (worn)
Jewellery
 k - a +2 ring of protection (left hand)
 l - a +3 ring of dexterity (right hand)
Wands
 j - a wand of iceblast (7)
Scrolls
 h - 2 scrolls of amnesia
 i - 2 scrolls of blinking
Potions
 c - 3 potions of invisibility
 d - 4 potions of curing
 e - 2 potions of heal wounds
 f - a potion of haste
 g - 4 potions of magic


   Skills:
 + Level 2.3 Fighting
 + Level 6.9 Short Blades
 + Level 7.6 Dodging
 + Level 14.3 Stealth
 + Level 10.0 Spellcasting
 + Level 13.1 Hexes
 + Level 2.7 Ice Magic
 + Level 2.4 Evocations


You had 16 spell levels left.
You knew the following spells:

 Your Spells              Type           Power      Damage    Failure   Level
a - Confusing Touch       Hex            52%        N/A       1%          3
b - Tukima's Dance        Hex            52%        N/A       1%          3
c - Ensorcelled Hibernat  Hex/Ice        70%        N/A       1%          2
d - Dazzling Flash        Conj/Hex       60%        N/A       1%          3

Your spell library contained the following spells:

 Spells                   Type           Power      Damage    Failure   Level


Dungeon Overview and Level Annotations

Branches:
Dungeon (1/1)

Altars:
Cheibriados
Dithmenos
Elyvilon
Fedhas
Gozag
Hepliaklqana
Kikubaaqudgha
Makhleb
Nemelex Xobeh
Okawaru
Qazlal
Ru
Sif Muna
Trog
Uskayaw
Vehumet
Wu Jian
Xom
Yredelemnul
Zin
The Shining One
Beogh
Jiyva
Lugonu


Innate Abilities, Weirdness & Mutations

You are very small and have problems with some larger weapons.
You are too small for most types of armour.
You have supernaturally acute eyesight. (SInv)
You cover ground extremely quickly. (Speed+++)


Message History

The yak bellows!
The yak completely misses you.
Items here: )))))).
Casting: Ensorcelled Hibernation (safe; 1% risk of failure)
Confirm with . or Enter, or press ? or * to list all spells.
Aiming: Ensorcelled Hibernation (safe; 1% risk of failure)
Press: ? - help, Shift-Dir - straight line, f - yak
Aim: a yak (umbra, chance to affect: 62%)
The yak looks drowsy...
The helpless yak fails to defend itself.
You stick the yak like a pincushion!!!!
You kill the yak!
Dithmenos accepts your kill.
Your Spellcasting skill increases to level 10!
Your Hexes skill increases to level 13!
You start resting.
Magic restored.
You see here a +0 helmet.
You see here a +0 pair of gloves.
You see here a +0 plate armour.
There is an open door to the Dungeon here.
You already know all available spells.
Unknown command.
You open the door.
A two-headed ogre, 2 unseen horrors, a troll, a wraith and a white ugly thing come into view.
The white ugly thing gurgles horribly!
The troll shouts!
The two-headed ogre shouts in stereo!
Unknown command.
Casting: Ensorcelled Hibernation (safe; 1% risk of failure)
Confirm with . or Enter, or press ? or * to list all spells.
You can't see any susceptible monsters within range! (Use Z to cast anyway.)
Casting: Ensorcelled Hibernation (safe; 1% risk of failure)
Confirm with . or Enter, or press ? or * to list all spells.
Your hands begin to glow red.
The white ugly thing pecks you. The white ugly thing freezes you!!
Ouch! That really hurt!
* * * LOW HITPOINT WARNING * * *
You hit the white ugly thing but do no damage.
The white ugly thing pecks you!
You die... ▓▓▓▓▓▓▓▓▓▓▓▓▓▓▓▓▓▓▓▓▓▓▓▓ xO.xTWu@.....'..[[[.)..' ▓▓▓▓▓▓▓▓▓▓▓▓▓▓▓▓▓▓▓▓▓▓▓▓

You could see a white ugly thing, a two-headed ogre, a troll, 2 unseen horrors and a wraith.

Vanquished Creatures
  A gargoyle (D)
  A yak (D)
  An orc warrior (D)
  A black bear (D)
  A centaur (D)
  A wight (D)
  A jelly (D)
  An iguana (D)
  An adder (D)
  An endoplasm (D)
  A hobgoblin (D)
  A jackal (D)
  2 frilled lizards (D)
  A rat (D)
15 creatures vanquished.

Notes
Turn   | Place    | Note
-------+----------+-------------------------------------------
     0 | D        | mhtbhm the Spriggan Enchanter began the quest for the Orb.
     0 | D        | Reached XP level 1. HP: 9/9 MP: 5/5
    26 | D        | Reached skill level 5 in Stealth
   145 | D        | Noticed a black bear
   145 | D        | Noticed a jelly
   145 | D        | Noticed an iguana
   151 | D        | Killed an iguana
   152 | D        | Reached skill level 6 in Stealth
   152 | D        | Reached skill level 5 in Hexes
   152 | D        | Reached XP level 2. HP: 10/13 MP: 5/8
   152 | D        | Reached XP level 3. HP: 13/16 MP: 6/10
   157 | D        | Reached skill level 7 in Stealth
   393 | D        | Learned a level 3 spell: Confusing Touch
   397 | D        | Learned a level 3 spell: Tukima's Dance
   400 | D        | Learned a level 2 spell: Ensorcelled Hibernation
   404 | D        | Learned a level 3 spell: Dazzling Flash
   409 | D        | Killed a black bear
   410 | D        | Reached skill level 5 in Dodging
   410 | D        | Reached skill level 9 in Stealth
   410 | D        | Reached skill level 5 in Spellcasting
   410 | D        | Reached XP level 4. HP: 10/21 MP: 6/12
   410 | D        | Reached XP level 5. HP: 12/25 MP: 7/14
   684 | D        | Found a snail-covered altar of Cheibriados.
   684 | D        | Found a shadowy altar of Dithmenos.
   684 | D        | Found a white marble altar of Elyvilon.
   684 | D        | Found a blossoming altar of Fedhas.
   684 | D        | Found an opulent altar of Gozag.
   685 | D        | Found a hazy altar of Hepliaklqana.
   686 | D        | Found a viscous altar of Jiyva.
   687 | D        | Found an ancient bone altar of Kikubaaqudgha.
   688 | D        | Found a corrupted altar of Lugonu.
   689 | D        | Found a burning altar of Makhleb.
   690 | D        | Found a sparkling altar of Nemelex Xobeh.
   691 | D        | Found an iron altar of Okawaru.
   692 | D        | Found a stormy altar of Qazlal.
   693 | D        | Found a sacrificial altar of Ru.
   694 | D        | Found a shimmering blue altar of Sif Muna.
   695 | D        | Found a bloodstained altar of Trog.
   696 | D        | Found a hide-covered altar of Uskayaw.
   697 | D        | Found a radiant altar of Vehumet.
   700 | D        | Found an ornate altar of the Wu Jian Council.
   701 | D        | Found a shimmering altar of Xom.
   702 | D        | Found a basalt altar of Yredelemnul.
   703 | D        | Found a glowing silver altar of Zin.
   740 | D        | Found a glowing golden altar of the Shining One.
   765 | D        | Became a worshipper of Dithmenos the Shadowed
   808 | D        | Noticed a yak
   808 | D        | Noticed a centaur
   808 | D        | Noticed a gargoyle
   808 | D        | Noticed an orc warrior
   808 | D        | Noticed a two-headed ogre
   825 | D        | Banished a two-headed ogre
   826 | D        | Reached skill level 1 in Fighting
   826 | D        | Reached skill level 5 in Short Blades
   826 | D        | Reached skill level 13 in Stealth
   826 | D        | Reached skill level 1 in Ice Magic
   826 | D        | Reached XP level 6. HP: 30/30 MP: 9/18
   826 | D        | Reached XP level 7. HP: 34/34 MP: 10/20
   843 | D        | Killed a gargoyle
   843 | D        | Reached * piety under Dithmenos
   844 | D        | Reached XP level 8. HP: 12/39 MP: 2/22
   849 | D        | Reached skill level 14 in Stealth
   928 | D        | Reached skill level 10 in Spellcasting
   998 | D        | Noticed an unseen horror
   998 | D        | Noticed a two-headed ogre
   998 | D        | Noticed an unseen horror
   998 | D        | Noticed a troll
   998 | D        | Noticed a white ugly thing
  1000 | D        | Slain by a white ugly thing

Illustrated notes

Levels and vault maps discovered:
D:        linesprint [early_d, line_temple, items_1, d_10, items_2, lair_1,
          lair_end, items_3, orc_1, orc_end, items_4, d_15, swamp_1, shoals_1,
          snake_1, spider_1, d_20, vaults_1, items_5, swamp_end, shoals_end,
          snake_end, spider_end, vaults_end, d_27, items_6, zot_1, zot_end,
          crypt_end, forest_end, elf_end, slime_end, tomb_end, abyss_end,
          pan_hell_end]

Skill      XL: |  1  2  3  4  5  6  7  8 |
---------------+-------------------------+-----
Hexes          | 5 8 11 12 13 | 13.1
Spellcasting   | 4 5 8 9 10 | 10.0
Stealth        | 6 9 13 14 | 14.3
Dodging        | 3 5 6 7 |  7.6
Short Blades   | 3 5 6 |  6.9
Fighting       | 1 2 |  2.3
Ice Magic      | 1 2 |  2.7
Evocations     | 2 |  2.4

Action                   |  1- 3 |  4- 6 |  7- 9 || total
-------------------------+-------+-------+-------++-------
Melee: Dagger            |    31 |     1 |       ||    32
       Rapier            |       |     1 |     9 ||    10
 Cast: Ensorcelled Hiber |     2 |     3 |     4 ||     9
       Dazzling Flash    |       |     2 |       ||     2
       Confusing Touch   |       |       |     3 ||     3
Evoke: Wand              |       |     3 |       ||     3
  Use: Potion            |     1 |       |     2 ||     3
 Stab: Sleeping          |     1 |     1 |     3 ||     5
       Confused          |       |       |     1 ||     1
Armor: Robe              |     1 |     1 |       ||     2
Dodge: Dodged            |    17 |     1 |    12 ||    30

Table legend: (Time is in decaauts)
 A = Elapsed time spent in this place.
 B = Non-inter-level travel time spent in this place.
 C = Inter-level travel time spent in this place.
 D = Time resting spent in this place.
 E = Time spent auto-exploring this place.
 F = Levels seen in this place.
 G = Mean time per level.
                   A        B        C        D        E       F      G
               +--------+--------+--------+--------+--------+-----+--------+
         Total |    935 |    935 |      0 |    743 |      0 |   1 |  935.0 |
       Dungeon |    935 |    935 |      0 |    743 |      0 |   1 |  935.0 |
               +--------+--------+--------+--------+--------+-----+--------+

Top non-repeatable levels by time:
       D: 935 daAuts
